Unix NetHack Version 5.0.0-0 post-release - last build May 17 2026 04:57:42 (dc50c8380fa5e20985bfe3072449f57b8d9895ef,branch:main).

Game began 2026-05-18 03:06:59, ended 2026-05-18 03:39:12.

Brudee, chaotic female human Monk

    -----------
    |(((((((((|
    |(..((((((|
    |........?|                  ##############0                        ------
    -|---------                 ##     --------.-                       |....|
     ############################      |........|        ------         |{...|
     ###                               |........|        |....|   ######-...^|
       #                               |.......<|        |....|   #     |....|
       #                               |.........########.^..^|   #     ------
       #               ---------       |........|        |.^...####
       #               |.......|   ####.......:.|        ------
       ##             #|........####   ----------
    ----.--          ##........|
    |.....|          ##---------
    |.....|    x#######
    |.....|####@k#
    |[[..>| #
    |)_....##
    -|-----
     #
Brudee the Initiate             St:18 Dx:13 Co:25 In:8 Wi:14 Ch:11  Chaotic S:3221
Dlvl:3  $:85 HP:0(59) Pw:39(39) AC:3  Xp:7/734 T:4477 

Latest messages:
 You rebalance your load.  Movement is difficult.
 What do you want to sacrifice? [E or ?*] E
 Your sacrifice is consumed in a burst of flame!
 You have a feeling of inadequacy.
 Your movements are now unencumbered.
 You have trouble lifting a hill orc corpse.  Continue? [ynq] (q) y
 You have trouble lifting G - a hill orc corpse.
 You rebalance your load.  Movement is difficult.
 What do you want to sacrifice? [G or ?*] G
 Your sacrifice is consumed in a burst of flame!
 You have a feeling of inadequacy.
 Your movements are now unencumbered.
 You attack thin air.
 You kill the leprechaun!
 You miss the giant ant.
 You hit the giant ant!
 The giant ant bites!
 You hit the giant ant!
 The giant ant bites!
 You miss the giant ant.
 The giant ant bites!
 You kill the giant ant!
 $ - 59 gold pieces (85 in total).
 The jackal bites!
 You kill the jackal!
 You hit the gnome lord!
 The giant ant bites!
 The gnome lord hits!
 You hit the gnome lord!
 The giant ant misses!
 The gnome lord hits!
 The giant ant bites!
 You kill the gnome lord!
 The giant ant bites!
 The giant ant bites!
 You hit the giant ant!
 The newt misses!
 The giant ant misses!
 You miss the giant ant.
 You kill the giant ant!
 The newt bites!
 You kill the newt!
 You kill the fox!
 J - a scroll labeled FOOBIE BLETCH.
 The kobold lady hits!
 You hit the kobold lady!
 The kobold lady hits!
 You die...
 Do you want your possessions identified? [ynq] (y) y
 Do you want to see your attributes? [ynq] (y) q

Inventory:
 Coins    ('$')
  $ - 85 gold pieces
 Amulets  ('"')
  V - a cursed amulet of restful sleep
 Weapons  (')')
  m - a +0 elven dagger
  q - a +0 javelin (at the ready)
  o - 2 +0 orcish daggers
  O - the rustproof +2 Ogresmasher (weapon in right hand)
  Q - a +0 orcish short sword
  P - a cursed -3 orcish short sword
 Armor    ('[')
  p - an uncursed +0 orcish helm (being worn)
  a - an uncursed +2 pair of leather gloves (being worn)
  b - an uncursed +1 robe (being worn)
 Comestibles  ('%')
  f - 7 uncursed apples
  y - 4 uncursed bananas
  I - an uncursed cram ration
  e - 3 uncursed food rations
  g - 4 uncursed oranges
  d - 7 uncursed pears
 Scrolls  ('?')
  z - a cursed scroll of create monster
  J - an uncursed scroll of enchant armor
  l - a cursed scroll of enchant armor
  k - an uncursed scroll of identify
  j - an uncursed scroll of light
  c - an uncursed scroll of remove curse
  S - an uncursed scroll of teleportation
 Spellbooks  ('+')
  w - an uncursed spellbook of chain lightning
  i - a blessed spellbook of confuse monster
  C - an uncursed spellbook of force bolt
  H - an uncursed spellbook of healing
 Potions  ('!')
  M - an uncursed potion of enlightenment
  F - an uncursed potion of object detection
  B - an uncursed potion of restore ability
  u - 9 uncursed potions of water
 Wands    ('/')
  K - a blessed wand of slow monster (0:4)
  v - a wand of speed monster (0:5)
 Tools    ('(')
  x - an uncursed lock pick
  U - an uncursed oil lamp

Brudee the Monk's attributes:

Background:
 You were an Initiate, a level 7 female human Monk.
 You were chaotic, on a mission for Huan Ti
 who was opposed by Shan Lai Ching (lawful) and Chih Sung-tzu (neutral).
 You were right-handed.
 You were in the Dungeons of Doom, on level 3.
 You entered the dungeon 4477 turns ago.
 It was nighttime.
 There was a new moon in effect when your adventure ended.
 You had 734 experience points, 546 more were needed to attain level 8.
 Your score was 3221 before end-of-game adjustments.

Basics:
 You had 0 out of 59 hit points.
 You had all 39 energy points (spell power).
 Your armor class was 3.
 Your wallet contained 85 zorkmids.
 Autopickup was on for '$!=+?/"' plus thrown.

Final Characteristics:
 Your strength was 18 (limit:18/100).
 Your dexterity was 13 (limit:18).
 Your constitution was 25 (base:12, innate limit:18).
 Your intelligence was 8 (limit:18).
 Your wisdom was 14 (peak:15, limit:18).
 Your charisma was 11 (limit:18).

Final Status:
 You weren't hungry.
 You were unencumbered.
 You were wielding a hammer.
 You had basic skill with hammer.

Final Attributes:
 You were piously aligned.
 You were sleep resistant.
 You were poison resistant.
 You saw invisible.
 You were warned.
 You were stealthy.
 You were guarded.
 Your spell casting was enhanced by wearing a robe.
 You were fast.
 Huan Ti was angry with you.
 You are dead.

Miscellaneous:
 You didn't encounter any bones levels.
 Total elapsed playing time was 32 minutes and 12 seconds.

Major events:
 Turn
    1: Brudee the chaotic female human Monk entered the dungeon
  611: attained the rank of Novice (level 3)
 1718: was bestowed with Ogresmasher by Huan Ti
 2568: attained the rank of Initiate (level 6)
 4477: killed by a kobold lady

Spells:
 Name                 Level Category     Fail Retention
 confuse monster        1   enchantment    0%  76%-100%

Skills:
 Fighting Skills
   martial arts       [Basic]
 Weapon Skills
   hammer             [Basic]
   quarterstaff       [Unskilled]
   spear              [Unskilled]
   crossbow           [Unskilled]
   shuriken           [Unskilled]
 Spellcasting Skills
   attack spells      [Unskilled]
   healing spells     [Basic]
   divination spells  [Unskilled]
   enchantment spells [Unskilled]
   clerical spells    [Unskilled]
   escape spells      [Unskilled]
   matter spells      [Unskilled]

Voluntary challenges:
 Character rerolling was not enabled.
 You were vegetarian.
 You never genocided any monsters.
 You never polymorphed an object.
 You never changed form.
 You used no wishes.
Achievements:
 You entered a shop.
 You attained the rank of Novice.
 You attained the rank of Initiate.

 The Dungeons of Doom: levels 1 to 5
    Level 1:
    Level 2:
       A fountain.
    Level 3: <- You were here.
       A tool shop, an altar to Huan Ti, a sink.
       Final resting place for
          you, killed by a kobold lady.
    Level 4:
       Many trees.
    Level 5:
       Many fountains.
       Oracle of Delphi.


Vanquished creatures:
  a leprechaun
  2 wood nymphs
  4 Uruk-hai
  a rock mole
  a gnome leader
  a gnomish wizard
  2 kobold mummies
  a gray ooze
  2 giant ants
  2 floating eyes
  a homunculus
  7 hill orcs
  a rothe
  a rabid rat
  a centipede
  a werejackal
  4 iguanas
  7 killer bees
  a gas spore
  2 hobbits
  3 large kobolds
  a hobgoblin
  a giant rat
  a yellow mold
  2 garter snakes
  2 gnome zombies
  4 geckos
 10 jackals
  4 foxes
  4 goblins
  3 grid bugs
  6 bats
  6 lichens
  2 kobold zombies
  4 newts
96 creatures vanquished.

No species were genocided or became extinct.

Game over:
                       ----------
                      /          \
                     /    REST    \
                    /      IN      \
                   /     PEACE      \
                  /                  \
                  |      Brudee      |
                  |      85 Au       |
                  |   killed by a    |
                  |   kobold lady    |
                  |                  |
                  |                  |
                  |       2026       |
                 *|     *  *  *      | *
        _________)/\\_//(\/(/\)/\//\/|_)_______

Goodbye Brudee the Monk...

You died in The Dungeons of Doom on dungeon level 3 with 3213 points,
and 85 pieces of gold, after 4477 moves.
You were level 7 with a maximum of 59 hit points when you died.

